 Dungeon Crawl Stone Soup version 0.28.0-47-ge53b351184 (webtiles) character file.

Game seed: 17557648455669753066

456 pkoi the Ruffian (level 6, -3/50 HPs)
             Began as a Demigod Gladiator on May 4, 2022.
             Splashed by a jelly's acid (8 damage)
             ... on level 5 of the Dungeon.
             The game lasted 00:07:08 (6209 turns).

pkoi the Ruffian (Demigod Gladiator)                Turns: 6209, Time: 00:07:09

Health: -3/50      AC:  2    Str: 19    XL:     6   Next: 47%
Magic:  10/11      EV: 12    Int: 14    God:
Gold:   180        SH:  0    Dex: 15    Spells: 7/8 levels left

rFire   . . .      SeeInvis .     - Unarmed
rCold   . . .      Faith    .   (no shield)
rNeg    . . .      Spirit   .   a - +0 leather armour
rPois   .          Reflect  .   p - +1 helmet
rElec   .          Harm     .   f - +0 cloak
rCorr   .          Rampage  .   (no gloves)
Will    .....                   (no boots)
Stlth   +.........              (no amulet)
HPRegen 0.16/turn               (no ring)
MPRegen 0.12/turn               (no ring)

@: corroded
A: high MP 1, forlorn, divine attributes
a: no special abilities


You were on level 5 of the Dungeon.
You visited 1 branch of the dungeon, and saw 5 of its levels.
You also visited: Ossuary.

You collected 180 gold pieces.

Inventory:

Hand Weapons
 b - a +1 dagger of venom
 d - a +0 short sword
 j - a +1 dagger of speed
 m - a +0 rapier of protection
Missiles
 c - 3 throwing nets
 i - 9 javelins (quivered)
Armour
 a - a +0 leather armour (worn)
 f - a +0 cloak (worn)
 p - a +1 helmet (worn)
Jewellery
 k - an amulet of magic regeneration
Wands
 e - a wand of charming (3)
 o - a wand of acid (13)
 u - a wand of polymorph (3)
Scrolls
 n - 2 scrolls of teleportation
 w - a scroll of blinking
 A - a scroll of fog
Potions
 g - 3 potions of might
 h - 3 potions of curing
 q - 3 potions of heal wounds
 r - 4 potions of magic {unknown}
 s - a potion of invisibility
 t - 2 potions of flight
 v - a potion of lignification


   Skills:
 + Level 2.9 Fighting
 - Level 1.7 Throwing
 + Level 1.9 Armour
 - Level 2.6 Dodging
 * Level 5.3 Unarmed Combat
 + Level 1.5 Spellcasting
 + Level 1.6 Summonings
 - Level 1.0 Evocations


You had 7 spell levels left.
You knew the following spells:

 Your Spells              Type           Power      Damage    Failure   Level
a - Summon Small Mammal   Summ           20%        N/A       16%         1

Your spell library contained the following spells:

 Spells                   Type           Power      Damage    Failure   Level
 Call Canine Familiar     Summ           5%         N/A       41%         3
 Summon Guardian Golem    Hex/Summ       3%         N/A       54%         3


Dungeon Overview and Level Annotations

Branches:
Dungeon (5/15)            Ossuary (visited)
 Temple: D:4-7

Shops:
D:2 :


Innate Abilities, Weirdness & Mutations

You have an increased reservoir of magic. (+10% MP)
You shall have no god before yourself.
Your divine heritage dramatically boosts your attributes as you level up.


Message History

The jelly is severely wounded.
The jelly hits you.
* * * LOW HITPOINT WARNING * * *
You are splashed with acid!
* * * LOW HITPOINT WARNING * * *
The jelly barely misses you.
Casting: Summon Small Mammal (safe; 16% risk of failure)
Confirm with . or Enter, or press ? or * to list all spells.
The jelly hits you.
* * * LOW HITPOINT WARNING * * *
You are splashed with acid!
* * * LOW HITPOINT WARNING * * *
Your rat bites the jelly.
Your rat is burned by acid!
Your rat dies!
Your rat's corpse disappears in a puff of smoke!
Aiming: Polymorph
Press: ? - help, Shift-Dir - straight line, f - jelly
Aim: a jelly (severely wounded, will become a killer bee, a ball python, or a frilled lizard, chance to affect: 60%)
Okay, then.
Unknown command.
Aiming: Polymorph
Press: ? - help, Shift-Dir - straight line, f - jelly
Aim: a jelly (severely wounded, will become a killer bee, a ball python, or a frilled lizard, chance to affect: 60%)
The jelly resists with significant effort.
Unknown command.
Aiming: Polymorph
Press: ? - help, Shift-Dir - straight line, f/p - jelly
Aim: a jelly (severely wounded, will become a killer bee, a ball python, or a frilled lizard, chance to affect: 60%)
The jelly resists with significant effort.
The jelly closely misses you.
Unknown command.
Aiming: Polymorph
Press: ? - help, Shift-Dir - straight line, f/p - jelly
Aim: a jelly (severely wounded, will become a killer bee, a ball python, or a frilled lizard, chance to affect: 60%)
The jelly resists with significant effort.
The jelly hits you.
* * * LOW HITPOINT WARNING * * *
You are splashed with acid!
You die...

#.# #.# #.# #.# # ### #>#
####.# ..# #.# #... #.#
##.###.##.### #.#
#@J.........#
###.########.####.####.#
#........##..# ....
#.###.#.####.##..# ......#
#................#.......#
......#.####.###....._.....
..#.# #.# #.# #.#.......#.#
###.###.# #.# #.#.......#.#
.>....<.# #.# #.# ....


You could see a jelly.

Vanquished Creatures
  3 water moccasin zombies (Ossuary)
  A bullfrog zombie (D:5)
  An orc priest (D:4)
  A hound skeleton (D:4)
  3 mummies
  5 adders
  3 adder zombies (Ossuary)
  2 worms (D:2)
  3 dart slugs
  5 orcs
  3 ball pythons
  4 bats
  5 endoplasms
  5 giant cockroaches
  4 gnoll zombies (Ossuary)
  6 goblins
  11 hobgoblins
  14 jackals
  5 kobolds
  A quokka (D:1)
  4 frilled lizards
  11 hobgoblin zombies (Ossuary)
  2 kobold zombies (Ossuary)
  4 orc zombies (Ossuary)
  2 rats (D:2)
108 creatures vanquished.

Notes
Turn   | Place    | Note
-------+----------+-------------------------------------------
     0 | D:1      | pkoi the Demigod Gladiator began the quest for the Orb.
     0 | D:1      | Reached XP level 1. HP: 17/17 MP: 3/3
    72 | D:1      | Reached skill level 3 in Unarmed Combat
   639 | D:1      | Reached XP level 2. HP: 22/24 MP: 4/4
  1733 | D:1      | Reached XP level 3. HP: 29/29 MP: 5/5
  1851 | D:2      | Reached skill level 4 in Unarmed Combat
  2299 | D:2      | Found Xibonig's Book Shop.
  2618 | D:2      | Reached XP level 4. HP: 30/36 MP: 6/6
  2827 | D:2      | Reached skill level 1 in Armour
  3465 | D:3      | Learned a level 1 spell: Summon Small Mammal
  4573 | D:4      | Found a sand-covered staircase.
  4703 | Ossuary  | Entered an ossuary
  4912 | Ossuary  | Reached XP level 5. HP: 21/42 MP: 8/8
  5253 | Ossuary  | Reached skill level 1 in Evocations
  5275 | Ossuary  | Reached skill level 1 in Spellcasting
  5275 | Ossuary  | Reached skill level 1 in Summonings
  5359 | Ossuary  | Reached skill level 5 in Unarmed Combat
  5359 | Ossuary  | Reached XP level 6. HP: 50/50 MP: 10/10
  6149 | D:5      | Entered Level 5 of the Dungeon
  6209 | D:5      | Splashed by a jelly's acid

Illustrated notes

Levels and vault maps discovered:
D:1:      scummos_arrival_simple_fountains, layout_loops_cross
D:2:      layout_loops_corners, dreamdust_ecumenical_altar_statues,
          serial_shops, nicolae_shop_statue_plus, minivault_23,
          minmay_hexomino_p4
D:3:      layout_basic, fiery_altar_vehumet, nicolae_overflow_crystal_walls,
          nicolae_overflow_ecumenical_swirl
D:4:      layout_loops_ring, grunt_temple_overflow_diamond,
          gup_ossuary_entry_pyramid
D:5:      lemuel_castle_with_subvaults [lemuel_castle_interior_carwin_2],
          layout_loops_ring, old_standard_altar, temple_statues, uniq_ijyb

Skill      XL: |  1  2  3  4  5 |
---------------+----------------+-----
Unarmed Combat | 3 4 5 |  5.3
Fighting       | 2 |  2.9
Armour         | 1 |  1.9
Evocations     | 1 |  1.0
Spellcasting   | 1 |  1.5
Summonings     | 1 |  1.6
Throwing       | |  1.7
Dodging        | |  2.6

Action                   |  1- 3 |  4- 6 || total
-------------------------+-------+-------++-------
Melee: Short sword       |   149 |       ||   149
       Punch             |     7 |    11 ||    18
       Unarmed           |    56 |   179 ||   235
       Rapier            |       |   118 ||   118
       Dagger            |       |     3 ||     3
Throw: Javelin           |       |     2 ||     2
 Cast: Summon Small Mamm |       |     2 ||     2
Evoke: Wand              |       |     3 ||     3
  Use: Scroll            |       |    16 ||    16
 Stab: Sleeping          |     1 |     1 ||     2
Armor: Leather armour    |    56 |   111 ||   167
Dodge: Dodged            |   134 |   154 ||   288
